 Dungeon Crawl Stone Soup version 0.27.1-35-g4d5d836560 (console) character file.

Game seed: 8944897866041616245

72 Faeu the Conjurer (level 4, 0/33 HPs)
             Began as a Draconian Conjurer on May 17, 2022.
             Slain by an iguana (9 damage)
             ... on level 2 of the Dungeon.
             The game lasted 00:04:03 (1612 turns).

Faeu the Conjurer (Draconian Conjurer)              Turns: 1612, Time: 00:04:03

Health: 0/33       AC:  5    Str:  9    XL:     4   Next: 7%
Magic:  0/7        EV: 12    Int: 19    God:
Gold:   41         SH:  0    Dex: 10    Spells: 6/7 levels left

rFire    . . .     SeeInvis .   c - +0 short sword {short}
rCold    . . .     Faith    .   (no shield)
rNeg     . . .     Spirit   .   (armour unavailable)
rPois    .         Reflect  .   (helmet restricted)
rElec    .         Harm     .   (no cloak)
rCorr    .         Rampage  .   (no gloves)
Will     .....                  (no boots)
Stlth    ++........             (no amulet)
HPRegen  0.11/turn              (no ring)
MPRegen  0.10/turn              (no ring)

@: no status effects
A: AC +5, unfitting armour, cold-blooded
a: no special abilities


You were on level 2 of the Dungeon.
You visited 1 branch of the dungeon, and saw 2 of its levels.

You collected 41 gold pieces.


Innate Abilities, Weirdness & Mutations

Your plain brown scales are hard. (AC +5)
You cannot fit into any form of body armour.
You are cold-blooded and may be slowed by cold attacks.


   Skills:
 - Level 1.7 Dodging
 - Level 1.7 Stealth
 - Level 2.0 Spellcasting
 + Level 5.6 Conjurations


You had 6 spell levels left.
You knew the following spells:

 Your Spells              Type           Power      Damage    Failure   Level
a - Magic Dart            Conj           92%        1d7       1%          1

Your spell library contained the following spells:

 Spells                   Type           Power      Damage    Failure   Level
 Searing Ray              Conj           46%        3d4       2%          2
 Dazzling Flash           Conj/Hex       24%        N/A       16%         3
 Fulminant Prism          Conj/Hex       6%         3d7       45%         4
 Iskenderun's Mystic Bla  Conj/Tloc      12%        2d5       45%         4

Inventory:

Hand Weapons
 b - a +0 club {mace}
   (You took it off a kobold on level 1 of the Dungeon)
 c - a +0 short sword (weapon) {short}
   (You took it off a kobold on level 1 of the Dungeon)
Missiles
 e - 14 bolts
 f - 20 stones {throwing}
Jewellery
 d - a ring of resist corrosion
   (You found it on level 1 of the Dungeon)
Scrolls
 a - a scroll of fog {unknown}
 g - a scroll of identify {unknown}

Dungeon Overview and Level Annotations

Branches:
Dungeon (2/15)

Altars:

###.###.###
#.......#
#.#.##### #.#...
#.#########
#.#.......#
#.....###.#
#...#.# #.#
#...#.# #.#
#...#.# #.#
#...#.# #@#
#...#...$l..#
#...#..........
#...#........#...
#........# ..
#.#....#.#
#.#.#..#.# #
#.#..#.#


You could see an iguana.


Message History

The magic dart hits the goblin.
You kill the goblin! 😎 MP[-1]
You lost 1 mp, and now have 6/7 mp.
No target in view!
e - 14 bolts (gained 6)
g - a scroll labelled XAOFAA ESEGH 😎 MP[+1]
Your mp is fully restored (7).
You can't see any susceptible monsters within range! (Use Z to cast anyway.) No target in view!
An endoplasm comes into view.
The magic dart hits the endoplasm. 😎 MP[-1]
You lost 1 mp, and now have 6/7 mp.
No target in view!
An endoplasm is nearby!
The magic dart hits the endoplasm.
You kill the endoplasm! 😎 MP[-1]
You lost 1 mp, and now have 5/7 mp.
No target in view!
You open the door.
An iguana comes into view. 😎 MP[+2]
Your mp is fully restored (7).
The iguana hisses angrily.
There is an open door here.
An iguana is nearby!
The magic dart hits the iguana. 😎 MP[-1]
You lost 1 mp, and now have 6/7 mp.
The magic dart hits the iguana but does no damage. 😎 MP[-1]
You lost 1 mp, and now have 5/7 mp.
The magic dart hits the iguana but does no damage. 😎 MP[-1]
You lost 1 mp, and now have 4/7 mp.
The magic dart hits the iguana. 😎 MP[-1]
You lost 1 mp, and now have 3/7 mp.
The magic dart hits the iguana but does no damage.
The iguana bites you! 😮 HP[-10] MP[-1]
You take 10 damage, and now have 23/33 hp.
MASSIVE DAMAGE!! (PAUSE)
You lost 1 mp, and now have 2/7 mp.
You are too injured to fight recklessly!
An iguana is nearby!
You are too injured to fight recklessly!
An iguana is nearby!
You are too injured to fight recklessly!
An iguana is nearby!
You hit the iguana but do no damage. The iguana bites you!
* * * LOW HITPOINT WARNING * * *
😨 HP[-7]
You take 7 damage, and now have 16/33 hp.
MASSIVE DAMAGE!! (PAUSE)
You closely miss the iguana.
You tail-slap the iguana, but do no damage.
The iguana closely misses you.
You hit the iguana but do no damage. The iguana bites you.
* * * LOW HITPOINT WARNING * * *
The iguana barely misses you. 😨 HP[-2]
You take 2 damage, and now have 14/33 hp.
You hit the iguana but do no damage. The iguana bites you.
* * * LOW HITPOINT WARNING * * *
😨 HP[-3]
You take 3 damage, and now have 11/33 hp.
You barely miss the iguana. The iguana barely misses you. 😨 MP[+1]
You hit the iguana but do no damage. The iguana misses you.
You are too injured to fight recklessly!
Aiming: Magic Dart (safe; 1% risk of failure)
Press: ? - help, Q - select action, (/) - cycle Shift-Dir - straight line, f/p - iguana
Aim: an iguana (moderately wounded, 100% to hit)
The magic dart hits the iguana but does no damage.
The iguana bites you.
* * * LOW HITPOINT WARNING * * *
😨 HP[-2] MP[-1]
You take 2 damage, and now have 9/33 hp.
You lost 1 mp, and now have 2/7 mp.
Aiming: Magic Dart (safe; 1% risk of failure)
Press: ? - help, Q - select action, (/) - cycle Shift-Dir - straight line, f/p - iguana
Aim: an iguana (moderately wounded, 100% to hit)
The magic dart hits the iguana but does no damage.
The iguana barely misses you. 😨 MP[-1]
You lost 1 mp, and now have 1/7 mp.
Aiming: Magic Dart (safe; 1% risk of failure)
Press: ? - help, Q - select action, (/) - cycle Shift-Dir - straight line, f/p - iguana
Aim: an iguana (moderately wounded, 100% to hit)
The magic dart hits the iguana.
The iguana bites you but does no damage. 😨 MP[-1]
You lost 1 mp, and now have 0/7 mp.
You don't have enough magic to cast this spell.
You hit the iguana. The iguana bites you!
You die...

Skill      XL: |  1  2 |
---------------+-------+-----
Conjurations   | 5 |  5.6
Dodging        | |  1.7
Stealth        | |  1.7
Spellcasting   | |  2.0

Action                   |  1- 3 |  4- 6 || total
-------------------------+-------+-------++-------
Melee: Unarmed           |    33 |       ||    33
       Tailslap          |     3 |     1 ||     4
       Short sword       |    13 |     7 ||    20
 Cast: Magic Dart        |    48 |    15 ||    63
 Stab: Sleeping          |     1 |       ||     1
Armor: Skin              |    20 |     1 ||    21
Dodge: Dodged            |    36 |     6 ||    42

Levels and vault maps discovered:
D:1:      lightli_iron_boxes, layout_basic,
          shapermc_ecumenical_altar_notcrosses, chequers_serial_rivers_small_b,
          minmay_misc_feat_enclosed
D:2:      layout_basic, minmay_pentomino_t4, uniq_jessica

Notes
Turn   | Place    | Note
-------+----------+-------------------------------------------
     0 | D:1      | Faeu the Draconian Conjurer began the quest for the Orb.
     0 | D:1      | Reached XP level 1. HP: 14/14 MP: 3/3
     0 | D:1      | magus.rc [v1.9.6]
   242 | D:1      | magus.rc [v1.9.6]
   279 | D:1      | Found a faded altar of an unknown god.
   356 | D:1      | Reached XP level 2. HP: 20/20 MP: 3/5
   777 | D:1      | Reached skill level 5 in Conjurations
   813 | D:1      | Reached XP level 3. HP: 26/26 MP: 6/6
  1264 | D:2      | Noticed Jessica
  1267 | D:2      | Killed Jessica
  1370 | D:2      | Reached XP level 4. HP: 33/33 MP: 5/7
  1612 | D:2      | Slain by an iguana

Vanquished Creatures
  Jessica (D:2)
  A gnoll (D:1)
  6 ball pythons (D:1)
  4 endoplasms
  2 giant cockroaches (D:1)
  5 hobgoblins
  4 kobolds
  2 bats (D:1)
  2 frilled lizards (D:1)
  3 goblins
  6 rats
36 creatures vanquished.

Table legend:
 A = Non-vault XP
 B = Vault XP
 C = Vault XP percentage of total XP
 D = Non-vault monster count
 E = Vault monster count
 F = Vault count percentage of total count
                 A         B        C        D         E       F
            +---------+---------+-------+---------+---------+-------
      Total |      67 |      37 |  35.6 |      35 |       1 |   2.8
            +---------+---------+-------+---------+---------+-------
        D:1 |      57 |       0 |   0.0 |      29 |       0 |   0.0
        D:2 |      10 |      37 |  78.7 |       6 |       1 |  14.3
            +---------+---------+-------+---------+---------+-------

Illustrated notes

Table legend:
 A = Kills in this place as a percentage of kills in entire the game.
 B = Kills by you in this place as a percentage of kills by you in the entire game.
 C = Kills by friends in this place as a percentage of kills by friends in the entire game.
 D = Other kills in this place as a percentage of other kills in the entire game.
 E = Experience gained in this place as a percentage of experience gained in the entire game.
 F = Experience gained in this place divided by the number of levels of this place that you have seen.
                   A       B       C       D       E      F
               +-------+-------+-------+-------+-------+----------------------
         Total | 100.0 | 100.0 |   N/A |   N/A | 100.0 |  52.0
       Dungeon | 100.0 | 100.0 |   N/A |   N/A | 100.0 |  52.0
               +-------+-------+-------+-------+-------+----------------------

Table legend: (Time is in decaauts)
 A = Elapsed time spent in this place.
 B = Non-inter-level travel time spent in this place.
 C = Inter-level travel time spent in this place.
 D = Time resting spent in this place.
 E = Time spent auto-exploring this place.
 F = Levels seen in this place.
 G = Mean time per level.
                   A        B        C        D        E       F      G
               +--------+--------+--------+--------+--------+-----+--------+
         Total |   1616 |   1601 |     15 |      0 |   1350 |   2 |  808.0 |
       Dungeon |   1616 |   1601 |     15 |      0 |   1350 |   2 |  808.0 |
               +--------+--------+--------+--------+--------+-----+--------+

Top non-repeatable levels by time:
     D:1: 1247 daAuts
     D:2: 368 daAuts
